 Dungeon Crawl Stone Soup version 0.23-a0-550-g7de1f8e (webtiles) character file.

1041 gruber the Arsonist (level 8, 0/41 HPs)
             Began as a Deep Elf Fire Elementalist on Dec 9, 2018.
             Was an Initiate of Vehumet.
             Slain by a black bear (7 damage)
             ... on level 5 of the Dungeon.
             The game lasted 00:15:15 (5682 turns).

gruber the Arsonist (Deep Elf Fire Elementalist)    Turns: 5682, Time: 00:15:15

Health: 0/41       AC:  8    Str:  5    XL:     8   Next: 4%
Magic:  9/21       EV: 12    Int: 23    God:    Vehumet [......]
Gold:   287        SH:  0    Dex: 15    Spells: 7/22 levels left

rFire    + . .     SeeInvis .   v - +2 dagger (flame)
rCold    . . .     Gourm    .   (no shield)
rNeg     . . .     Faith    .   o - +1 leather armour {rF+}
rPois    .         Spirit   .   (no helmet)
rElec    .         Reflect  .   f - +2 cloak
rCorr    .         Harm     .   i - +0 pair of gloves
MR       .....                  (no boots)
Stlth    ++........             (no amulet)
HPRegen  0.13/turn              (no ring)
MPRegen  0.17/turn              (no ring)

@: no status effects
A: no striking features
a: Renounce Religion


You were on level 5 of the Dungeon.
You worshipped Vehumet.
Vehumet was noncommittal.
You were not hungry.

You visited 2 branches of the dungeon, and saw 7 of its levels.
You also visited: Ossuary.

You collected 287 gold pieces.

Inventory:

Hand Weapons
 s - a +2 dagger of holy wrath
 v - a +2 dagger of flaming (weapon)
Armour
 a - a +0 robe
 f - a +2 cloak (worn)
 i - a +0 pair of gloves (worn)
 o - a +1 leather armour of fire resistance (worn)
 y - a +0 buckler
Jewellery
 g - a +5 amulet of reflection {unknown}
Wands
 q - a wand of random effects (36)
 C - a wand of polymorph (11)
Scrolls
 b - 5 scrolls of fog {unknown}
 d - 6 scrolls of enchant armour {unknown}
 e - 3 scrolls of fear {unknown}
 k - 3 scrolls of teleportation {unknown}
 l - 2 scrolls of enchant weapon {unknown}
 n - 3 scrolls of blinking {unknown}
 p - 2 scrolls of magic mapping {unknown}
 r - 7 scrolls of identify {unknown}
 t - 4 scrolls of remove curse {unknown}
 u - 3 scrolls of amnesia {unknown}
 D - a scroll of noise {unknown}
Potions
 h - a potion of agility {unknown}
 j - 2 potions of flight {unknown}
 m - 2 potions of haste {unknown}
 w - a potion of brilliance {unknown}
 x - 2 potions of ambrosia {unknown}
 z - a potion of cancellation {unknown}
 A - a potion of lignification {unknown}
 B - 6 potions of curing {unknown}
 E - a potion of invisibility {unknown}
 F - a potion of mutation {unknown}
 G - a potion of heal wounds {unknown}
 H - 2 potions of resistance {unknown}
Comestibles
 c - 6 rations


   Skills:
 - Level 2.4 Dodging
 - Level 2.4 Stealth
 * Level 7.7 Spellcasting
 - Level 4.1 Conjurations
 - Level 8.0 Fire Magic


You had 7 spell levels left.
You knew the following spells:

 Your Spells              Type           Power        Failure   Level  Hunger
a - Flame Tongue          Conj/Fire      #####        1%          1    None
b - Throw Flame           Conj/Fire      #####.       1%          2    None
c - Conjure Flame         Conj/Fire      #####...     3%          3    None
d - Sticky Flame          Conj/Fire      #####...     10%         4    ###....
e - Fireball              Conj/Fire      #####.....   26%         5    #####..

Your spell library contained the following spells:

 Spells                   Type           Power        Failure   Level  Hunger
 Inner Flame              Hex/Fire       ####....     7%          3    None


Dungeon Overview and Level Annotations

Branches:
Dungeon (6/15)             Temple (1/1) D:5

Altars:
Dithmenos
Elyvilon
Fedhas
Gozag
Makhleb
Okawaru
Qazlal
Sif Muna
Trog
Uskayaw
Vehumet
Zin
The Shining One

Annotations:
D:6 Sigmund


Message History

Press: ? - help, Shift-Dir - straight line, f/p - black bear
Aim: a black bear (severely wounded, berserk, fast, unusually strong, covered The flame tongue misses the black bear.
The flame tongue hits the phantom.
The phantom is lightly damaged.
The black bear burns!
The black bear bites you but does no damage.
The black bear claws you but does no damage.
The black bear claws you. The black bear bites you! The black bear claws you.
The black bear barely misses you.
The black bear burns!
The black bear barely misses you.
The black bear claws you but does no damage. x2
The phantom hits you.
You climb upwards.
There is a stone staircase leading down here.
The black bear burns!
The phantom hits you but does no damage.
The black bear bites you!
* * * LOW HITPOINT WARNING * * *
The black bear claws you!
You die...

#.........##.#..............##.#
#.........##.#..............##.#
#.........##.#.................#
#.........##.#....#.........####
#.........##.#..............#####
#.........##.#...................
#............#...............####
#............###.W#.........<...#
###'#####.......@h...........##.#
##..## ##########.#.###........#
#....# ###########.#.....#.......
..[8.# #............####.########
.....# #............# #.# >.⌠8.#
#............####.# .....#
#............'....# #.⌠8.#
#............###### .....#
#............#


You could see a phantom and a black bear (berserk).

Vanquished Creatures
  Menkaure (D:5)
  3 ogres
  Blork the orc (D:5)
  A scorpion (D:5)
  A howler monkey (D:4)
  An orc priest (D:5)
  A hound (D:4)
  Jessica (D:2)
  An iguana (D:5)
  3 orc wizards
  2 worker ants
  2 hound skeletons
  4 mummies (Ossuary)
  9 adders
  3 worms
  3 dart slugs
  2 leopard geckos
  13 orcs
  A ball python (D:2)
  7 giant cockroaches
  4 gnoll zombies (Ossuary)
  14 goblins
  9 hobgoblins
  16 jackals
  A quokka (D:5)
  4 bats
  3 frilled lizards
  5 gnoll skeletons (Ossuary)
  2 goblin zombies (Ossuary)
  3 hobgoblin skeletons (Ossuary)
  2 hobgoblin zombies (Ossuary)
  10 kobolds
  2 kobold skeletons (Ossuary)
  3 kobold zombies (Ossuary)
  An orc skeleton (Ossuary)
  4 orc zombies (Ossuary)
  13 rats
  2 rat skeletons (Ossuary)
  2 rat zombies (Ossuary)
160 creatures vanquished.

Vanquished Creatures (others)
  2 gnoll skeletons (Ossuary)
  4 goblin skeletons (Ossuary)
  A hobgoblin skeleton (Ossuary)
  A hobgoblin zombie (Ossuary)
  2 kobold skeletons (Ossuary)
  3 kobold zombies (Ossuary)
  2 orc zombies (Ossuary)
  3 rat skeletons (Ossuary)
  2 rat zombies (Ossuary)
20 creatures vanquished.

Grand Total: 180 creatures vanquished

Notes
Turn   | Place    | Note
-------+----------+-------------------------------------------
     0 | D:1      | gruber the Deep Elf Fire Elementalist began the quest for
                  | the Orb.
     0 | D:1      | Reached XP level 1. HP: 10/10 MP: 6/6
   195 | D:1      | Reached XP level 2. HP: 8/15 MP: 3/9
   453 | D:1      | Learned a level 2 spell: Throw Flame
   779 | D:1      | Reached XP level 3. HP: 17/19 MP: 8/11
   791 | D:1      | Reached skill level 5 in Spellcasting
  1174 | D:1      | Learned a level 3 spell: Conjure Flame
  1365 | D:2      | Noticed Jessica
  1469 | D:2      | Killed Jessica
  1469 | D:2      | Reached XP level 4. HP: 24/24 MP: 10/14
  2123 | D:3      | Reached XP level 5. HP: 28/28 MP: 8/15
  3109 | D:4      | Noticed an ogre
  3148 | D:4      | Killed an ogre
  3148 | D:4      | Reached skill level 4 in Fire Magic
  3148 | D:4      | Reached XP level 6. HP: 32/32 MP: 9/17
  3310 | D:4      | Reached skill level 5 in Fire Magic
  3612 | D:4      | Found a shadowy altar of Dithmenos.
  3926 | D:5      | Entered Level 5 of the Dungeon
  3938 | D:4      | Reached skill level 6 in Fire Magic
  3938 | D:4      | Reached XP level 7. HP: 27/36 MP: 9/18
  4045 | D:5      | Noticed Blork the orc
  4070 | D:5      | Noticed Menkaure
  4084 | D:5      | Learned a level 4 spell: Sticky Flame
  4090 | D:5      | Learned a level 5 spell: Fireball
  4273 | D:5      | Killed Menkaure
  4273 | D:5      | Reached skill level 7 in Fire Magic
  4339 | D:5      | Found a sand-covered staircase.
  4385 | Ossuary  | Entered an ossuary
  5053 | D:5      | Reached skill level 8 in Fire Magic
  5097 | D:5      | Found a staircase to the Ecumenical Temple.
  5347 | D:5      | Killed Blork the orc
  5347 | D:5      | Reached XP level 8. HP: 41/41 MP: 15/21
  5356 | Temple   | Entered the Ecumenical Temple
  5430 | Temple   | Became a worshipper of Vehumet
  5647 | D:6      | Found a bloodstained altar of Trog.
  5647 | D:6      | Noticed Sigmund
  5682 | D:5      | Slain by a black bear

Vault maps used:
D:1:      nicolae_arrival_memento_mori, roderic_lattice_a, minmay_hexomino_p4
D:2:      uniq_jessica
D:4:      nicolae_dithmenos_shadow_blocks
D:5:      minmay_temple_entry_drinking_statues, nicolae_ossuary_entry_plus,
          first_ration, uniq_menkaure, uniq_blork_the_orc
D:6:      lemuel_crystal_altar, trog_ov_bears_minmay, serial_shops, shop,
          basic_altar, gammafunk_ghost_icy, corner_web_ring, uniq_sigmund
Temple:   regret_index_temple_waves
Ossuary:  ossuary_due_pyramid

Skill      XL: |  1  2  3  4  5  6  7 |
---------------+----------------------+-----
Spellcasting   | 4 6 7 |  7.7
Conjurations   | 2 4 |  4.1
Fire Magic     | 4 6 8 |  8.0
Dodging        | |  2.4
Stealth        | |  2.4

Action                   |  1- 3 |  4- 6 |  7- 9 || total
-------------------------+-------+-------+-------++-------
Melee: Short sword       |     6 |       |       ||     6
       Dagger            |       |    34 |    26 ||    60
 Cast: Flame Tongue      |    80 |    98 |    43 ||   221
       Throw Flame       |       |    51 |    40 ||    91
       Sticky Flame      |       |       |     5 ||     5
       Conjure Flame     |       |       |     1 ||     1
 Stab: Sleeping          |       |     2 |     1 ||     3
  Eat: Chunk             |     1 |     7 |     3 ||    11
       Ration            |       |       |     1 ||     1
Armor: Robe              |     9 |    11 |       ||    20
       Leather armour    |       |    14 |    15 ||    29
Dodge: Dodged            |    36 |    60 |    15 ||   111

Table legend:
 A = Non-vault XP
 B = Vault XP
 C = Vault XP percentage of total XP
 D = Non-vault monster count
 E = Vault monster count
 F = Vault count percentage of total count
                 A         B        C        D         E       F
            +---------+---------+-------+---------+---------+-------
      Total |    1118 |     370 |  24.9 |     119 |      34 |  22.2
            +---------+---------+-------+---------+---------+-------
        D:1 |      53 |       5 |   8.6 |      30 |       4 |  11.8
        D:2 |      70 |      37 |  34.6 |      27 |       1 |   3.6
        D:3 |     190 |       0 |   0.0 |      36 |       0 |   0.0
        D:4 |     380 |       0 |   0.0 |      12 |       0 |   0.0
        D:5 |     407 |     263 |  39.3 |      13 |       2 |  13.3
        D:6 |      18 |       0 |   0.0 |       1 |       0 |   0.0
    Ossuary |       0 |      65 | 100.0 |       0 |      27 | 100.0
            +---------+---------+-------+---------+---------+-------
